 Dungeon Crawl Stone Soup version 0.20-a0-903-g7e3609c (webtiles) character file.

268 natereichart the Chopper (level 6, -5/52 HPs)
             Began as a Draconian Fighter on Mar 20, 2017.
             Slain by Prince Ribbit (12 damage)
             ... on level 6 of the Dungeon.
             The game lasted 00:05:27 (2027 turns).

natereichart the Chopper (Draconian Fighter)        Turns: 2027, Time: 00:05:28

Health: -5/52      AC:  6    Str: 20    XL:     6   Next: 0%
Magic:  6/6        EV: 10    Int:  9    God:
Gold:   164        SH:  9    Dex: 10    Spells: 5/5 levels left

rFire    + . .     SeeInvis .   a - +0 war axe
rCold    . . .     Gourm    .   (armour unavailable)
rNeg     . . .     Faith    .   b - +0 shield
rPois    .         Spirit   .   (helmet restricted)
rElec    .         Reflect  .   (no cloak)
rCorr    .         Harm     .   (no gloves)
MR       .....                  (no boots)
Stlth    +.........             (no amulet)
Regen    0.2/turn               (no ring)
MPRegen  0.1/turn               j - ring of protection from fire

@: no status effects
A: unfitting armour, cold-blooded, AC +6
a: no special abilities


You were on level 6 of the Dungeon.
You were not hungry.

You visited 1 branch of the dungeon, and saw 6 of its levels.

You collected 164 gold pieces.

Inventory:

Hand Weapons
 a - a +0 war axe (weapon)
Missiles
 p - 26 bolts
Armour
 b - a +0 shield (worn)
 g - a +0 chain mail
 m - a +0 chain mail
Jewellery
 j - a ring of protection from fire (left hand)
 n - an uncursed amulet of faith {unknown}
Wands
 k - a wand of digging (13/24)
 q - a wand of polymorph (5/24)
Scrolls
 i - a scroll of fear {unknown}
 l - a scroll of amnesia {unknown}
 o - a scroll of remove curse {unknown}
 r - a scroll of identify {unknown}
Potions
 c - a potion of might
 e - a potion of heal wounds {unknown}
 f - a potion of lignification {unknown}
 h - 2 potions of resistance {unknown}
Comestibles
 d - a bread ration


   Skills:
 + Level 4.2 Fighting
 + Level 4.6 Axes
 + Level 3.3 Dodging
 + Level 1.2 Stealth
 + Level 3.7 Shields


You had 5 spell levels left.
You didn't know any spells.

Dungeon Overview and Level Annotations

Branches:
Dungeon (6/15)
 Temple: D:4-7

Altars:

Annotations:
D:6 Prince Ribbit


Innate Abilities, Weirdness & Mutations

Your plain brown scales are hard. (AC +6)
You cannot fit into any form of body armour.
You are cold-blooded and may be slowed by cold attacks.


Message History

Prince Ribbit catches a moth with his tongue.
Prince Ribbit blinks!
Prince Ribbit blinks!
Prince Ribbit blinks!
Prince Ribbit blinks!
You block Prince Ribbit's attack.
You closely miss Prince Ribbit. You block Prince Ribbit's attack.
Prince Ribbit completely misses you.
You closely miss Prince Ribbit. Prince Ribbit hits you!
Prince Ribbit barely misses you.
You closely miss Prince Ribbit. Prince Ribbit hits you. Prince Ribbit hits you!
* * * LOW HITPOINT WARNING * * *
You hit Prince Ribbit.
Prince Ribbit is lightly wounded.
Prince Ribbit hits you.
* * * LOW HITPOINT WARNING * * *
Prince Ribbit barely misses you.
Prince Ribbit blinks!
Prince Ribbit hits you!
You die...

######## #######
#..F...# ##.....##
#..@...#
##....†<.###......#
#..........#.#.####
#............#.#
###..........###.#
............###.#
##..............#
.##..............#
#...........F....#


You could see Prince Ribbit.

Vanquished Creatures
  A black bear (D:6)
  A scorpion (D:3)
  A bullfrog zombie (D:5)
  A bullfrog skeleton (D:6)
  An iguana (D:5)
  A howler monkey skeleton (D:4)
  An adder (D:4)
  A worm (D:3)
  A dart slug (D:1)
  A leopard gecko (D:6)
  An orc (D:3)
  2 goblins (D:1)
  A hobgoblin (D:1)
  A quokka (D:4)
  3 bats (D:1)
  A jackal zombie (D:5)
  A rat (D:3)
  A fungus (D:3)
21 creatures vanquished.

Notes
Turn   | Place    | Note
-------+----------+-------------------------------------------
     0 | D:1      | natereichart the Draconian Fighter began the quest for the Orb.
     0 | D:1      | Reached XP level 1. HP: 19/19 MP: 1/1
    69 | D:1      | Reached XP level 2. HP: 10/26 MP: 2/2
   847 | D:3      | Noticed a scorpion
   867 | D:3      | Killed a scorpion
   867 | D:3      | Reached XP level 3. HP: 9/33 MP: 3/3
  1262 | D:4      | Reached XP level 4. HP: 40/40 MP: 4/4
  1381 | D:5      | Entered Level 5 of the Dungeon
  1652 | D:5      | Reached XP level 5. HP: 20/46 MP: 5/5
  1826 | D:6      | Noticed a black bear
  1831 | D:6      | Killed a black bear
  1831 | D:6      | Reached skill level 1 in Stealth
  1834 | D:6      | Reached XP level 6. HP: 15/52 MP: 6/6
  1996 | D:6      | Noticed Prince Ribbit
  2027 | D:6      | Slain by Prince Ribbit

Vault maps used:
D:1:      grunt_arrival_crossed_arrows
D:2:      minmay_diamond_boxcup, chequers_ecumenical_altar_simple_redux,
          tso_metal_star
D:3:      cheibrodos_greedy_goblins, minivault_14, minmay_gold_behind_fungi,
          uniq_grinder
D:4:      grunt_gozag_breadcrumbs, minmay_temple_entry_fiery,
          minmay_crystal_water
D:5:      first_bread, gup_sewer_entry_spiral
D:6:      dk_vineyard_1, serial_park_tiny_pond, uniq_prince_ribbit1

Skill      XL: |  1  2  3  4  5 |
---------------+----------------+-----
Axes           | 3 4 |  4.6
Dodging        | 3 |  3.3
Fighting       | 4 |  4.2
Stealth        | 1 |  1.2
Shields        | |  3.7

Action                   |  1- 3 |  4- 6 || total
-------------------------+-------+-------++-------
Melee: War axe           |    42 |    43 ||    85
       Tailslap          |     5 |     7 ||    12
 Stab: Sleeping          |       |     1 ||     1
  Eat: Bread ration      |       |     1 ||     1
Armor: Skin              |    14 |    10 ||    24
Dodge: Dodged            |    17 |    22 ||    39
Block: Shield            |    21 |    19 ||    40
